 Dungeon Crawl Stone Soup version 0.24-a0-93-ge1bfdf8443 (webtiles) character file.

Game seed: 18313816901850557613

101835 Roikka the Warrior (level 15, -2/141 (143) HPs)
             Began as a Minotaur Monk on Feb 10, 2019.
             Was the Champion of Okawaru.
             Slain by a harpy (5 damage)
             ... on level 2 of the Shoals on Feb 11, 2019.
             The game lasted 02:27:24 (31632 turns).

Roikka the Warrior (Minotaur Monk)                 Turns: 31632, Time: 02:27:24

HP:   -2/141 (143)  AC: 26    Str: 22    XL:     15   Next: 84%
MP:   0/39          EV:  9    Int: 15    God:    Okawaru [******]
Gold: 1183          SH:  0    Dex: 13    Spells: 14/14 levels left

rFire    + + +     SeeInvis .   Y - +11 plutonium sword {*Contam Stlth-}
rCold    + . .     Gourm    .   (shield currently unavailable)
rNeg     . . .     Faith    .   n - +5 plate armour of the End {*Corrode rPois rF++ Int+3}
rPois    +         Spirit   +   L - +3 hat of Pondering {ponderous, MR+ MP+10 Int+5}
rElec    .         Reflect  .   N - +2 cloak {MR+}
rCorr    .         Harm     .   U - +2 pair of gloves
MR       ++++.                  a - +2 pair of boots
Stlth    ..........             P - amulet of guardian spirit
HPRegen  0.33/turn              E - ring of protection from magic
MPRegen  0.26/turn              h - ring "Wufele Feemp" {rF+ rC+ MP+9}

@: corroded, studying Shields, slow
A: retaliatory headbutt, horns 2
a: Heroism, Finesse, Renounce Religion


You were on level 2 of the Shoals.
You worshipped Okawaru.
Okawaru was exalted by your worship.
You were not hungry.

You visited 7 branches of the dungeon, and saw 25 of its levels.
You also visited: Ossuary.

You collected 2403 gold pieces.
You spent 1220 gold pieces at shops.

Inventory:

Hand Weapons
 m - a +2 executioner's axe of electrocution
 I - a +1 broad axe of draining
 Y - the +11 plutonium sword (weapon) {*Contam Stlth-}
   (You found it on level 3 of the Lair of Beasts)

   It causes magical contamination when unequipped.
   It makes you less stealthy.
Armour
 a - a +2 pair of boots (worn)
 n - the +5 plate armour of the End (worn) {*Corrode rPois rF++ Int+3}
   (You found it on level 2 of the Lair of Beasts)

   It affects your intelligence (+3).
   It greatly protects you from fire.
   It protects you from poison.
   It may corrode you when you take damage.
 x - a +3 large shield
 G - the +27 Lear's hauberk
   (Okawaru gifted it to you on level 9 of the Dungeon)
 L - the +3 hat of Pondering (worn) {ponderous, MR+ MP+10 Int+5}
   (You took it off Gastronok on level 3 of the Lair of Beasts)

   It affects your intelligence (+5).
   It affects your resistance to hostile enchantments.
   It affects your magic capacity (+10).
 N - a +2 cloak of magic resistance (worn)
 U - a +2 pair of gloves (worn)
Jewellery
 g - a +3 ring of protection
 h - the ring "Wufele Feemp" (right hand) {rF+ rC+ MP+9}
   (You found it on level 6 of the Dungeon)

   [ring of magical power]

   It protects you from fire.
   It protects you from cold.
   It affects your magic capacity (+9).
 i - an uncursed ring of poison resistance
 o - a +3 ring of protection
 p - an uncursed ring of positive energy
 E - a ring of protection from magic (left hand)
 O - an uncursed ring of protection from cold {unknown}
 P - an amulet of guardian spirit (around neck)
 R - a +6 amulet of reflection
 S - an uncursed amulet of faith {unknown}
Wands
 b - a wand of digging (3)
 d - a wand of scattershot (3)
 D - a wand of paralysis (5)
 Q - a wand of acid (3)
 W - a wand of iceblast (13)
Scrolls
 e - 2 scrolls of summoning
 k - 13 scrolls of remove curse
 l - 3 scrolls of amnesia
 r - 3 scrolls of fear
 t - 2 scrolls of blinking
 w - 2 scrolls of silence
 y - 5 scrolls of teleportation
 A - a scroll of holy word
 J - a scroll of magic mapping
 X - 2 scrolls of fog
 Z - a scroll of brand weapon
Potions
 f - 8 potions of might
 j - 8 potions of curing
 q - 2 potions of haste
 u - 4 potions of degeneration {unknown}
 v - 4 potions of flight
 z - 2 potions of lignification {unknown}
 B - 4 potions of mutation {unknown}
 C - a potion of agility
 K - 2 potions of ambrosia
 M - 3 potions of cancellation {unknown}
 T - 5 potions of brilliance {unknown}
Books
 V - a manual of Shields
Miscellaneous
 F - a fan of gales
 H - a box of beasts
Comestibles
 c - 38 rations
 s - 5 chunks of flesh


   Skills:
 + Level 15.8 Fighting
 - Level 13.7 Long Blades
 * Level 10.7(13.6) Axes
   Level 13.8(15.0) Maces & Flails
 - Level 12.0 Armour
 - Level 4.0 Dodging
 - Level 1.5 Stealth
 - Level 10.7 Shields
 - Level 6.0 Invocations
 + Level 8.7 Evocations


You had 14 spell levels left.
You didn't know any spells.
Your spell library contained the following spells:

 Spells                   Type           Power        Failure   Level  Hunger
 Apportation              Tloc           #.....       97%         1    ##.....
 Summon Butterflies       Summ           #.......     97%         1    ##.....
 Lesser Beckoning         Tloc           #.........   100%        3    ####...
 Mephitic Cloud           Conj/Pois/Air  #.......     100%        3    ####...
 Spider Form              Tmut/Pois      #.........   100%        3    ####...
 Tukima's Dance           Hex            #.......     100%        3    ####...
 Olgreb's Toxic Radiance  Pois           #.......     100%        4    #####..
 Alistair's Intoxication  Tmut/Pois      #.......     100%        5    ######.
 Bolt of Fire             Conj/Fire      #.........   100%        6    #######
 Invisibility             Hex            #.......     100%        6    #######


Dungeon Overview and Level Annotations

Branches:
Dungeon (11/15)            Temple (1/1) D:4            Lair (6/6) D:10
 Shoals (2/4) Lair:3        Snake (1/4) Lair:4        Slime (0/5) Lair:6
    Orc (2/2) D:10            Elf (2/3) Orc:2

Altars:
Ashenzari
Cheibriados
Elyvilon
Hepliaklqana
Kikubaaqudgha
Makhleb
Nemelex Xobeh
Okawaru
Qazlal
Ru
Sif Muna
Trog
Vehumet
Yredelemnul
Beogh

Shops:
D:7 ?   D:9 [   D:10 %   Orc:1 }   Orc:2 [%}!

Annotations:
Orc:2 exclusion: 3 orange crystal statues


Innate Abilities, Weirdness & Mutations

You reflexively headbutt those who attack you in melee.
You have a pair of horns on your head.


Message History

The harpy claws you!
* * * LOW HITPOINT WARNING * * *
The harpy claws you but does no damage.
You slash the harpy! You headbutt the harpy.
The harpy is heavily wounded.
The harpy claws you!
* * * LOW HITPOINT WARNING * * *
The harpy claws you but does no damage. x3; The water nymph touches you.
The water nymph drowns you!
* * * LOW HITPOINT WARNING * * *
You closely miss the water nymph. You headbutt the water nymph!
The water nymph is moderately wounded.
The harpy claws you but does no damage. The harpy barely misses you.
The harpy claws you!
* * * LOW HITPOINT WARNING * * *
The harpy claws you but does no damage. The water nymph touches you.
The water nymph drowns you!
* * * LOW HITPOINT WARNING * * *
The harpy claws you.
You die...

...≈≈≈≈≈≈≈≈≈........##
...≈≈≈≈≈≈≈≈≈≈≈≈≈≈≈≈....
....≈≈≈≈.≈..≈≈≈≈≈≈≈≈...
..≈≈..≈......≈≈≈≈.....
.≈≈≈≈≈≈...÷...........
..≈≈≈≈≈..........≈.## .
.....≈..≈≈.##.......##.≈
#........≈.###...H.....≈
...≈.....≈≈≈≈≈≈≈@./....≈
...).....≈≈≈≈≈≈mH.....≈≈
........≈≈≈≈≈≈≈≈≈##...≈≈
..≈≈......≈≈≈≈≈≈≈# ..≈≈
...≈.......≈≈≈≈≈≈# .>≈
...≈≈≈≈≈≈≈..≈≈≈... .≈
..≈≈≈≈≈....≈≈≈≈≈≈.. ≈
.≈≈≈≈......≈≈≈≈≈≈≈..
.≈≈≈.##....≈≈≈≈≈≈≈≈≈≈


You could see a water nymph and 2 harpies.

Vanquished Creatures
  A quicksilver dragon (Elf:1)
  Gastronok (Lair:3)
  Kirke (Lair:5)
  A fire dragon (Shoals:1)
  2 naga warriors (Snake:1)
  A great orb of eyes (Lair:5)
  A merfolk impaler (Shoals:1)
  A merfolk avatar (Lair:6)
  A merfolk aquamancer (Shoals:1)
  4 hydras
  A catoblepas (Lair:6)
  3 two-headed ogres
  14 dancing weapons
  An anaconda (Shoals:1)
  A queen ant (Lair:4)
  6 death yaks
  5 deep elf knights
  2 naga sharpshooters
  Sonja (Lair:1)
  A shock serpent (Snake:1)
  A death drake (Shoals:1)
  An unseen horror (D:11)
  A deep troll (Snake:1)
  3 sea snakes
  A deep elf archer (Elf:1)
  An orange crystal statue (Orc:2)
  5 harpies
  6 orc knights (Orc:2)
  17 deep elf magi
  2 cyclopes
  An ugly thing (D:11)
  5 manticores
  4 salamanders (Snake:1)
  A faun (Shoals:1)
  Maurice (D:11)
  3 mana vipers
  A moth of wrath (Lair:5)
  6 merfolk sirens
  3 guardian serpents
  7 elephants
  4 black mambas
  2 naga magi (Snake:1)
  3 torpor snails
  3 water nymphs
  10 spiny frogs
  3 rime drakes
  10 komodo dragons
  4 merfolk
  A wind drake (Lair:6)
  3 hornets
  3 polar bears (Lair:6)
  A troll (Orc:2)
  A meliai (Snake:1)
  13 blink frogs
  A snapping turtle (Shoals:1)
  2 dream sheep (Shoals:2)
  13 hippogriffs
  2 spriggans
  2 water elementals
  3 wyverns
  23 yaks
  5 humans
  3 hogs (Lair:5)
  A fire bat (Lair:6)
  A golden eye (Lair:6)
  4 basilisks
  14 nagas
  7 wargs
  An acid dragon (Orc:2)
  12 water moccasins
  Duvessa (D:5)
  A floating eye (Elf:2)
  11 porcupines
  32 orc warriors
  3 ice beasts
  An eye of draining (D:9)
  A necrophage (D:10)
  A phantom (D:6)
  5 black bears
  12 ogres
  2 centaurs
  20 crocodiles
  2 big kobolds
  5 elf zombies (Ossuary)
  9 bullfrogs
  A gnoll sergeant (D:10)
  Dowan (D:5)
  A water moccasin zombie (D:9)
  4 scorpions
  6 killer bees
  8 electric eels
  4 howler monkeys
  3 centaur zombies (Ossuary)
  2 crimson imps
  10 hounds
  6 jellies
  A quasit (D:7)
  A gnoll shaman (D:3)
  3 centaur skeletons
  4 human zombies (Ossuary)
  25 orc wizards
  15 orc priests
  5 iguanas
  8 worker ants
  A killer bee zombie (D:5)
  A hound zombie (D:8)
  2 hound skeletons (D:5)
  4 mummies
  A worker ant zombie (D:8)
  A gnoll (shapeshifter) (Elf:1)
  9 gnolls
  17 adders
  A shadow imp (D:8)
  An ooze (D:3)
  2 adder zombies (D:5)
  An adder skeleton (D:9)
  A worm (D:4)
  6 leopard geckos
  78 orcs
  5 giant cockroaches
  18 goblins
  11 hobgoblins
  19 jackals
  7 quokkas
  6 bats
  6 frilled lizards
  12 kobolds
  5 rats
  A plant (Shoals:1)
704 creatures vanquished.

Vanquished Creatures (others)
  A deep elf mage (Elf:2)
  A naga (Snake:1)
  10 fungi
  12 plants
24 creatures vanquished.

Grand Total: 728 creatures vanquished

Notes
Turn   | Place    | Note
-------+----------+-------------------------------------------
     0 | D:1      | Roikka the Minotaur Monk began the quest for the Orb.
     0 | D:1      | Reached XP level 1. HP: 19/19 MP: 0/0
   174 | D:1      | Reached XP level 2. HP: 27/27 MP: 1/1
   519 | D:2      | Reached skill level 4 in Fighting
   544 | D:2      | Reached skill level 1 in Armour
   544 | D:2      | Reached XP level 3. HP: 33/33 MP: 2/2
   958 | D:2      | Reached XP level 4. HP: 41/41 MP: 3/3
  1734 | D:3      | Reached XP level 5. HP: 47/47 MP: 4/4
  2081 | D:4      | Reached skill level 5 in Fighting
  2084 | D:4      | Reached skill level 5 in Axes
  2123 | D:4      | Noticed an ogre
  2126 | D:4      | Killed an ogre
  2126 | D:4      | Reached XP level 6. HP: 43/56 MP: 5/5
  2172 | D:4      | Reached skill level 1 in Evocations
  2797 | D:4      | Found a basalt altar of Yredelemnul.
  2810 | D:4      | Found a staircase to the Ecumenical Temple.
  2819 | Temple   | Entered the Ecumenical Temple
  2851 | Temple   | Became a worshipper of Warmaster Okawaru
  2851 | Temple   | Reached * piety under Okawaru
  2851 | Temple   | Reached ** piety under Okawaru
  2956 | D:4      | Reached skill level 1 in Shields
  2956 | D:4      | Reached XP level 7. HP: 37/62 MP: 7/7
  3517 | D:4      | Reached skill level 6 in Fighting
  3768 | D:5      | Entered Level 5 of the Dungeon
  4167 | D:3      | HP: 3/63 [ogre/+0 giant spiked club (23)]
  4580 | D:5      | Reached skill level 5 in Armour
  4899 | D:5      | Reached XP level 8. HP: 63/71 MP: 8/8
  5133 | D:5      | Reached skill level 1 in Maces & Flails
  5583 | D:5      | Reached *** piety under Okawaru
  5615 | D:5      | Noticed Duvessa
  5616 | D:5      | Noticed Dowan
  5643 | D:5      | Killed Duvessa
  5659 | D:5      | Killed Dowan
  5679 | D:5      | Reached skill level 7 in Fighting
  5998 | D:6      | Got a bloodstained chain mail
  6009 | D:6      | Identified the +5 chain mail "Poov" {rC+} (You found it on
                  | level 6 of the Dungeon)
  6291 | D:6      | Reached skill level 5 in Shields
  6389 | D:6      | Reached XP level 9. HP: 79/79 MP: 10/10
  6501 | D:6      | Got a shimmering brass ring
  6539 | D:6      | Found a sacrificial altar of Ru.
  6808 | D:6      | Found a deep blue altar of Sif Muna.
  6990 | D:7      | Found an ancient bone altar of Kikubaaqudgha.
  7101 | D:7      | Reached skill level 5 in Maces & Flails
  7129 | D:7      | Reached **** piety under Okawaru
  7133 | D:7      | Identified the ring "Wufele Feemp" {rF+ rC+ MP+9} (You
                  | found it on level 6 of the Dungeon)
  7284 | D:7      | Found Ablural's Magic Scroll Emporium.
  7293 | D:7      | Bought a scroll of holy word for 97 gold pieces
  7293 | D:7      | Bought a scroll of brand weapon for 260 gold pieces
  7293 | D:7      | Bought a scroll of identify for 26 gold pieces
  7785 | D:8      | Found a sand-covered staircase.
  7799 | Ossuary  | Entered an ossuary
  8032 | Ossuary  | Reached skill level 8 in Fighting
  8385 | D:8      | Received a gift from Okawaru
  8393 | D:8      | Reached XP level 10. HP: 72/90 MP: 12/12
  8461 | D:8      | Identified Woqull's Disquisition on Igneous Intoxication
  8725 | D:9      | Reached skill level 5 in Evocations
  8775 | D:9      | Found Hariw's Antique Armour Shop.
  8873 | D:9      | Got a silken robe
  8884 | D:9      | Identified the +1 robe "Loanoh" {-Tele MR+++ Str+6 Dex+3}
                  | (You found it on level 9 of the Dungeon)
  8981 | D:9      | Reached skill level 1 in Invocations
  9030 | D:9      | Reached ***** piety under Okawaru
  9518 | D:10     | Entered Level 10 of the Dungeon
  9557 | D:9      | Reached skill level 9 in Fighting
  9611 | D:9      | Received a gift from Okawaru
  9612 | D:9      | Found the +27 Lear's hauberk
  9736 | D:10     | Found a staircase to the Orcish Mines.
  9924 | D:10     | Noticed a two-headed ogre
  9928 | D:10     | Noticed a cyclops
  9934 | D:10     | Killed a two-headed ogre
  9934 | D:10     | Reached XP level 11. HP: 86/97 MP: 13/13
  9949 | D:10     | Reached skill level 10 in Maces & Flails
 10275 | D:10     | Found Vaugisid's Food Shop.
 10290 | D:10     | Found a staircase to the Lair.
 10429 | D:11     | Noticed a cyan ugly thing
 10445 | D:11     | Killed a cyan ugly thing
 10511 | D:11     | Killed an unseen horror
 10526 | D:11     | Noticed a five-headed hydra
 10595 | D:11     | Noticed a two-headed ogre
 10609 | D:11     | Killed a two-headed ogre
 10609 | D:11     | Reached skill level 10 in Fighting
 10653 | D:11     | Received a gift from Okawaru
 10688 | D:11     | Noticed Maurice
 10731 | D:11     | Killed Maurice
 10815 | D:11     | Noticed a two-headed ogre
 10826 | D:11     | Killed a two-headed ogre
 10943 | D:11     | Reached skill level 10 in Armour
 11152 | D:11     | Killed a five-headed hydra
 11491 | D:9      | Bought a diamond-encrusted scale mail for 225 gold pieces
 11502 | D:9      | Identified the cursed +0 scale mail "Cepp" {rF+++ rC- Str+8
                  | Stlth-} (You bought it in a shop on level 9 of the Dungeon)
 11579 | Lair:1   | Entered Level 1 of the Lair of Beasts
 11833 | Lair:1   | You fall through a shaft!
 11885 | Lair:1   | Noticed Sonja
 11904 | Lair:1   | Reached XP level 12. HP: 108/108 MP: 14/14
 11921 | Lair:1   | Reached ****** piety under Okawaru
 11930 | Lair:1   | Killed Sonja
 12412 | Lair:2   | Noticed an eight-headed hydra
 12412 | Lair:2   | Noticed a four-headed hydra
 12424 | Lair:2   | Killed an eight-headed hydra
 12424 | Lair:2   | Reached skill level 11 in Fighting
 12431 | Lair:2   | Killed a four-headed hydra
 12431 | Lair:2   | Received a gift from Okawaru
 12726 | Lair:2   | Reached skill level 10 in Shields
 12760 | Lair:2   | Reached skill level 5 in Invocations
 13134 | Lair:2   | Noticed a death yak
 13153 | Lair:2   | Killed a death yak
 13203 | Lair:2   | Got a faintly glowing rapier
 13211 | Lair:2   | Noticed a four-headed hydra
 13235 | Lair:2   | Killed a four-headed hydra
 13235 | Lair:2   | Received a gift from Okawaru
 13302 | Lair:2   | Got a faintly humming plate armour
 13314 | Lair:2   | Identified the +5 plate armour of the End {*Corrode rPois
                  | rF++ Int+3} (You found it on level 2 of the Lair of Beasts)
 13699 | Lair:3   | Found a staircase to the Shoals.
 13962 | Lair:3   | Reached XP level 13. HP: 117/117 MP: 16/16
 14047 | Lair:3   | Noticed Gastronok
 14078 | Lair:3   | Killed Gastronok
 14114 | Lair:3   | Found the +11 plutonium sword {*Contam Stlth-}
 14601 | Lair:4   | Reached skill level 1 in Long Blades
 14727 | Lair:4   | Found a staircase to the Snake Pit.
 14742 | Lair:4   | Received a gift from Okawaru
 14931 | Lair:4   | Noticed Nessos
 14936 | Lair:4   | Noticed Nessos
 14936 | Lair:4   | Nessos changed into Nessos the mana viper
 14941 | Lair:4   | Killed Nessos the mana viper
 15489 | Lair:5   | Reached skill level 12 in Fighting
 15913 | Lair:5   | Reached skill level 5 in Long Blades
 16113 | Lair:5   | Noticed Kirke
 16127 | Lair:5   | Killed Kirke
 17031 | Lair:6   | Entered Level 6 of the Lair of Beasts
 17223 | Lair:6   | Found a staircase to the Slime Pits.
 17229 | Lair:6   | Reached skill level 13 in Fighting
 17287 | Lair:6   | Received a gift from Okawaru
 17501 | Lair:6   | Reached XP level 14. HP: 101/129 MP: 17/17
 17630 | Lair:6   | Reached skill level 10 in Long Blades
 18244 | Lair:6   | Received a gift from Okawaru
 18252 | Lair:6   | Got a crude flail {god gift}
 18700 | Orc:1    | Entered Level 1 of the Orcish Mines
 18794 | Orc:1    | Found Sapyatt's Gadget Boutique.
 19282 | Orc:1    | Found a roughly hewn altar of Beogh.
 19513 | Orc:2    | Entered Level 2 of the Orcish Mines
 19744 | Orc:2    | Found a runed translucent door.
 19749 | Orc:2    | Found the +10 large shield of Ignorance {rN+ Int-4}
 19769 | Orc:2    | Found a runed translucent door.
 20577 | Orc:2    | Reached skill level 14 in Fighting
 20764 | Orc:2    | Found a staircase to the Elven Halls.
 20871 | Orc:2    | Found a roughly hewn altar of Beogh.
 21051 | Orc:2    | Found a roughly hewn altar of Beogh.
 21121 | Orc:2    | Received a gift from Okawaru
 21675 | Orc:2    | Found Rayh's Antique Armour Boutique.
 21675 | Orc:2    | Found Hophytetz's Food Emporium.
 21741 | Orc:2    | Found Kicod's Gadget Boutique.
 21741 | Orc:2    | Found Tunyxain's Distillery.
 21756 | Orc:2    | Bought a potion of ambrosia for 112 gold pieces
 21756 | Orc:2    | Bought a potion of magic for 112 gold pieces
 21929 | D:7      | Bought a scroll of identify for 26 gold pieces
 21929 | D:7      | Bought 2 scrolls of identify for 52 gold pieces
 21929 | D:7      | Bought a scroll of summoning for 123 gold pieces
 21965 | D:7      | Identified the +1 flail of Okawaru's Displeasure {crush,
                  | rElec rC+} (Okawaru gifted it to you on level 6 of the Lair
                  | of Beasts)
 22352 | Elf:1    | Entered Level 1 of the Elven Halls
 23040 | Elf:1    | Noticed a quicksilver dragon
 23040 | Elf:1    | a deep elf death mage changed into a quicksilver dragon
 23049 | Elf:1    | Killed a quicksilver dragon
 23390 | Elf:1    | You fall through a shaft!
 23528 | Elf:2    | Received a gift from Okawaru
 23693 | Elf:2    | Reached XP level 15. HP: 75/139 MP: 8/19
 24434 | Elf:2    | Paralysed by a chaos spawn for 2 turns
 24689 | Elf:2    | Reached skill level 15 in Fighting
 25101 | Elf:1    | Received a gift from Okawaru
 25752 | Snake:1  | Entered Level 1 of the Snake Pit
 26847 | Snake:1  | Got a twisted whip
 28441 | Snake:1  | Got a faintly humming chain mail
 28453 | Snake:1  | Identified the cursed +0 chain mail "Goutuos" {*Drain rN+++
                  | MR++ Str-2} (You found it on level 1 of the Snake Pit)
 28454 | Snake:1  | Identified the +8 whip "Vowumurgh" {slash, +Blink rN+
                  | Dex-3} (You found it on level 1 of the Snake Pit)
 28803 | D:9      | Bought a pair of embroidered boots for 187 gold pieces
 28952 | Shoals:1 | Entered Level 1 of the Shoals
 30107 | Shoals:1 | Reached skill level 10 in Axes
 31035 | Shoals:1 | HP: 7/211 [merfolk aquamancer/ball of steam (6)]
 31602 | Shoals:2 | Received a gift from Okawaru
 31632 | Shoals:2 | HP: 3/141 [drowned by a water nymph (10)]
 31632 | Shoals:2 | Slain by a harpy

Levels and vault maps discovered:
D:1:      elethiomel_arrival_quiet, layout_basic
D:2:      layout_loops_ring
D:3:      layout_loops_cross, first_ration
D:4:      layout_cave_pools, kennysheep_mini, minmay_temple_entry_junction,
          minmay_ogre_servants
D:5:      layout_cave_pools, minmay_divided_ellipse, uniq_duvessa
D:6:      layout_layer_cave, led_sif_book, marbit_many_paths
D:7:      layout_loops_ring, lemuel_doored_altar, serial_shops, shop,
          bh_walls_and_bars
D:8:      layout_rooms, enter_bailey_3, gup_ossuary_entry_pyramid,
          abandoned_shop, grunt_pizzeria, amethyst_killhole
D:9:      layout_loops_corners, serial_shops, shop
D:10:     layout_big_octagon, grunt_lair_entry_orc_guard_hut, orc_0_dummy,
          serial_shops, nicolae_shop_behind_doors, minmay_ruffians
D:11:     layout_rooms, grunt_decor_clamped, water_maze_lemuel, uniq_maurice
Temple:   regret_index_temple_mists
Lair:1:   layout_loops_ring, uniq_sonja
Lair:2:   layout_small_grid, minmay_shattered_shrine, serial_bayou_shore_b
Lair:3:   layout_cave_pods, elwin_shoals_entry_stream, uniq_gastronok
Lair:4:   layout_hall_layers, guppyfry_snake_entry_island, serial_bayou_pond_b,
          grunt_megastairs_4, lemuel_fruit_tree, uniq_nessos
Lair:5:   statuecave_lemuel, layout_gridlike, serial_bayou_lake_a,
          grunt_megastairs_1, uniq_kirke
Lair:6:   gammafunk_lair_ancient_temple, layout_long_grid,
          dpeg_slime_entry_corner
Shoals:1: layout_shoals
Shoals:2: layout_shoals
Snake:1:  layout_rooms, nicolae_snake_salamander_stairs
Orc:1:    layout_diamond_mine, serial_shops, nicolae_shop_trees, mines1_david
Orc:2:    st_orc_town, layout_caves, basic_altar, nicolae_orc_rockfall,
          chequers_guarded_unrand_ignorance
Elf:1:    minmay_elf_arrival_summoners, layout_geoelf_grid, serial_shops,
          shop_coins, minivault_28, roderic_lattice_octagonal_star
Elf:2:    layout_geoelf_diagonals, gammafunk_ghost_fury_of_okawaru,
          lemuel_flame_loot_1, uniq_nikola
Ossuary:  ossuary_minmay_four_chambers

Skill      XL: |  1  2  3  4  5  6  7  8  9 10 11 12 13 14 15 |
---------------+----------------------------------------------+-----
Fighting       | 4 5 6 7 8 9 10 11 13 14 15 | 15.8
Axes           | 4 5 6 10 | 10.7
Armour         | 1 2 3 4 5 6 7 8 10 11 12 | 12.0
Dodging        | 4 |  4.0
Evocations     | 1 2 3 4 5 6 7 8 |  8.7
Shields        | 1 3 5 6 7 9 10 | 10.7
Maces & Flails | 4 7 9 12 13 | 13.8
Invocations    | 3 4 5 6 |  6.0
Long Blades    | 9 13 | 13.7
Stealth        | |  1.5

Action                   |  1- 3 |  4- 6 |  7- 9 | 10-12 | 13-15 || total
-------------------------+-------+-------+-------+-------+-------++-------
Melee: Hand axe          |    70 |   148 |   127 |       |       ||   345
       Headbutt          |    19 |    23 |   112 |   169 |   275 ||   598
       Mace              |       |       |   427 |   748 |    62 ||  1237
       Triple sword      |       |       |       |       |  1009 ||  1009
       Executioner's axe |       |       |       |       |   116 ||   116
Throw: Stone             |     7 |       |       |       |       ||     7
       Javelin           |       |     5 |    14 |    18 |       ||    37
Invok: Heroism           |       |       |     1 |       |     2 ||     3
       Finesse           |       |       |       |       |     2 ||     2
Evoke: Wand              |       |       |       |       |     2 ||     2
       Fan of gales      |       |       |       |       |     1 ||     1
  Use: Scroll            |       |       |    22 |     8 |    18 ||    48
       Potion            |       |       |       |     2 |     5 ||     7
 Stab: Sleeping          |     3 |       |       |       |       ||     3
  Eat: Chunk             |       |     6 |    19 |    19 |    32 ||    76
       Ration            |       |       |       |       |     8 ||     8
Armor: Robe              |     1 |       |       |       |       ||     1
       Chain mail        |    40 |    92 |   329 |   373 |  1243 ||  2077
       Plate armour      |       |       |       |       |   241 ||   241
Dodge: Dodged            |    31 |    74 |    98 |   123 |   774 ||  1100
Block: Large shield      |       |    13 |   508 |   700 |    58 ||  1279
       Rpst.: Triple sword |       |       |       |       |   124 ||   124

Table legend:
 A = Non-vault XP
 B = Vault XP
 C = Vault XP percentage of total XP
 D = Non-vault monster count
 E = Vault monster count
 F = Vault count percentage of total count
                 A         B        C        D         E       F
            +---------+---------+-------+---------+---------+-------
      Total |   91375 |   54104 |  37.2 |     514 |     190 |  27.0
            +---------+---------+-------+---------+---------+-------
        D:1 |      18 |       0 |   0.0 |      12 |       0 |   0.0
        D:2 |     118 |       0 |   0.0 |      34 |       0 |   0.0
        D:3 |     394 |       0 |   0.0 |      29 |       0 |   0.0
        D:4 |     487 |     136 |  21.8 |      29 |       9 |  23.7
        D:5 |     519 |     559 |  51.9 |      21 |      14 |  40.0
        D:6 |     768 |       3 |   0.4 |      14 |       1 |   6.7
        D:7 |     714 |     234 |  24.7 |      15 |       1 |   6.2
        D:8 |     928 |      24 |   2.5 |      18 |       5 |  21.7
        D:9 |    2611 |     381 |  12.7 |      41 |       2 |   4.7
       D:10 |    3280 |    1231 |  27.3 |      31 |       8 |  20.5
       D:11 |    6829 |     508 |   6.9 |      32 |       1 |   3.0
     Lair:1 |    2884 |     827 |  22.3 |      13 |       1 |   7.1
     Lair:2 |    4610 |    5544 |  54.6 |      18 |       9 |  33.3
     Lair:3 |    3461 |    3937 |  53.2 |      19 |       5 |  20.8
     Lair:4 |    5058 |     843 |  14.3 |      15 |       3 |  16.7
     Lair:5 |    8554 |    2872 |  25.1 |      26 |       5 |  16.1
     Lair:6 |    7508 |    8379 |  52.7 |      27 |      24 |  47.1
   Shoals:1 |   13383 |       0 |   0.0 |      23 |       0 |   0.0
   Shoals:2 |    3338 |       0 |   0.0 |       8 |       0 |   0.0
    Snake:1 |   11781 |     523 |   4.3 |      28 |       1 |   3.4
      Orc:1 |    1623 |       0 |   0.0 |      25 |       0 |   0.0
      Orc:2 |    1440 |    8630 |  85.7 |      21 |      60 |  74.1
      Elf:1 |   11069 |    2888 |  20.7 |      15 |       5 |  25.0
      Elf:2 |       0 |   15722 | 100.0 |       0 |      21 | 100.0
    Ossuary |       0 |     863 | 100.0 |       0 |      15 | 100.0
            +---------+---------+-------+---------+---------+-------
